 Dungeon Crawl Stone Soup version 0.19-a0-1886-gd64a0f0 (webtiles) character file.

140387 Amnesiac the Black Belt (level 16, 0/124 HPs)
             Began as a Demonspawn Wanderer on Oct 16, 2016.
             Was an Elder of Cheibriados.
             Slain by Donald
             ... wielding a +0 long sword of holy wrath
              (9 damage)
             ... on level 3 of the Elven Halls.
             The game lasted 01:23:50 (22724 turns).

Amnesiac the Black Belt (Demonspawn Wanderer)      Turns: 22724, Time: 01:23:50

Health: 0/124      AC: 30    Str: 37    XL:     16   Next: 75%
Magic:  25/25      EV: 23    Int: 30    God:    Cheibriados [****..]
Gold:   840        SH:  0    Dex: 30    Spells: 4 memorised, 7 levels left

rFire  + . .     SeeInvis +       - Unarmed
rCold  + . .     Gourm    .     F - +5 plate armour of Dadwekixiu {rF+ MR- Str+8 Int+5}
rNeg   . . .     Faith    +     (no shield)
rPois  .         Spirit   .     c - +0 hat {SInv}
rElec  .         Dismiss  .     u - +2 cloak {+Inv}
rCorr  .         Reflect  .     (gloves unavailable)
MR     +....     Harm     .     m - +2 pair of boots
Stlth  ..........               S - amulet of faith
                                r - ring of wizardry
                                Z - ring of the Traitor {MR+ Str+4 Dex+4}

@: very slow
A: claws 3, talons 1, yellow scales 2, clever 1, clumsy 1, cold resistance 1,
demonic guardian 1, powered by death 1, screaming 1, MP-powered wands
a: Bend Time, Temporal Distortion, Slouch, Renounce Religion, Evoke Invisibility


You were on level 3 of the Elven Halls.
You worshipped Cheibriados.
Cheibriados was greatly pleased with you.
You were not hungry.

You visited 5 branches of the dungeon, and saw 24 of its levels.
You also visited: Labyrinth and Ossuary.

You collected 2301 gold pieces.
You spent 1461 gold pieces at shops.

Inventory:

Armour
 c - a +0 hat of see invisible (worn)
 m - a +2 pair of boots (worn)
 u - a +2 cloak of invisibility (worn)
 F - the +5 plate armour of Dadwekixiu (worn) {rF+ MR- Str+8 Int+5}
   (You bought it in a shop on level 2 of the Orcish Mines)

   It affects your strength (+8).
   It affects your intelligence (+5).
   It protects you from fire.
   It affects your resistance to hostile enchantments.
 T - a +0 crystal plate armour
Rods
 Y - a +3 rod of clouds (11/11)
   (You found it on level 1 of the Lair of Beasts)
Jewellery
 j - a +2 ring of intelligence
 k - an uncursed ring of positive energy
 n - an uncursed ring of ice
 o - an uncursed amulet of regeneration
 q - an uncursed ring of magical power
 r - a ring of wizardry (right claw)
 Q - an uncursed ring of see invisible
 S - an amulet of faith (around neck)
 V - an uncursed ring of poison resistance
 X - a cursed ring of loudness {unknown}
 Z - the ring of the Traitor (left claw) {MR+ Str+4 Dex+4}
   (You found it on level 6 of the Lair of Beasts)

   [ring of strength]

   It affects your strength (+4).
   It affects your dexterity (+4).
   It affects your resistance to hostile enchantments.
Wands
 a - a wand of disintegration (16/24)
 e - a wand of acid (5/15)
 x - a wand of teleportation (4/9)
 O - a wand of paralysis (13/24)
 P - a wand of iceblast (9/15)
Scrolls
 s - 9 scrolls of remove curse
 w - 4 scrolls of recharging
 y - 7 scrolls of amnesia
 D - 6 scrolls of enchant weapon
 G - 3 scrolls of teleportation
 J - 2 scrolls of enchant armour
 M - 2 scrolls of fog
 R - 4 scrolls of magic mapping
 W - 4 scrolls of fear
Potions
 g - a potion of cure mutation
 h - 2 potions of resistance
 i - 2 potions of heal wounds
 p - 4 potions of cancellation
 t - 2 potions of invisibility
 B - 2 potions of might
 C - 5 potions of brilliance
 E - 2 potions of flight
 H - 6 potions of lignification
 I - 4 potions of curing
 N - a potion of ambrosia
 U - a potion of agility
Books
 f - a book of Fire

   Spells                             Type                      Level
   a - Ignite Poison                  Fire/Transmutation/Poison    3
   b - Fireball                       Conjuration/Fire             5
   c - Bolt of Fire                   Conjuration/Fire             6
   d - Delayed Fireball               Conjuration/Fire             7
   e - Ring of Flames                 Charms/Fire                  7
Miscellaneous
 b - a phantom mirror
Comestibles
 d - 11 bread rations
 l - 8 meat rations
 v - 3 fruits
 z - 2 royal jellies
 A - 3 slices of pizza
 K - 24 beef jerkies
 L - 5 chunks of flesh


   Skills:
 - Level 10.6 Fighting
 - Level 12.5 Armour
 + Level 14.7 Dodging
 - Level 1.0 Stealth
 - Level 16.2 Unarmed Combat
 - Level 12.0 Invocations
 - Level 1.0 Evocations


You had 7 spell levels left.
You knew the following spells:

 Your Spells              Type           Power        Failure   Level  Hunger
a - Apportation           Tloc           #.........   19%         1    ##.....
b - Summon Butterflies    Summ           #.......     19%         1    ##.....
c - Dazzling Spray        Conj/Hex       #.....       69%         3    ####...
e - Mephitic Cloud        Conj/Pois/Air  #.......     69%         3    ####...


Dungeon Overview and Level Annotations

Branches:
Dungeon (12/15)            Temple (1/1) D:6            Lair (6/6) D:10
  Swamp (0/4) Lair:3        Snake (0/4) Lair:4        Slime (0/5) Lair:6
    Orc (2/2) D:12            Elf (3/3) Orc:2

Altars:
Ashenzari
Cheibriados
Dithmenos
Elyvilon
Fedhas
Gozag
Hepliaklqana
Kikubaaqudgha
Makhleb
Nemelex Xobeh
Okawaru
Qazlal
Ru
Sif Muna
Trog
Uskayaw
Vehumet
Xom
Yredelemnul
Zin
The Shining One
Beogh
Jiyva

Shops:
D:5 =   D:10 (   Orc:2 [***   Elf:1 }   Elf:2 [

Annotations:
Lair:6 1 runed door
Elf:3 Donald


Innate Abilities, Weirdness & Mutations

You have claws for hands.
You are mostly covered in yellow scales. (AC +3)
A weak demonic guardian rushes to your aid.
You regenerate a little health from kills.
You have sharp toenails.
Your mind is acute. (Int +2)
You are clumsy. (Dex -2)
Your flesh is cold resistant. (rC+)
You occasionally shout uncontrollably at your foes.
You expend magic power (3 MP) to strengthen your wands.


Message History

Donald is lightly wounded.
Donald hits you with a long sword of holy wrath!
You convulse.
Donald blocks your quasit's attack. x3
You scratch Donald but do no damage.
Donald is lightly wounded.
Donald says, "Am I talking too fast for you?"
Donald hits you but does no damage. Donald blocks your quasit's attack. x3
You eviscerate Donald!!!
Donald is severely wounded.
Donald hits you with a long sword of holy wrath!
You convulse!
* * * LOW HITPOINT WARNING * * *
Donald blocks your quasit's attack. x3; Donald blocks your white imp's attack.
You are too injured to fight recklessly!
Donald blocks your attack.
You claw Donald!!
Donald is almost dead.
Donald hits you with a long sword of holy wrath!!
* * * LOW HITPOINT WARNING * * *
You convulse!
You die...

#...##.....+.....)..'....
#..........+........#....
#........###........#..##
#..###..## #........#..##
.. #..# ##.......#..#
##''## ##......#..#
#....## #+###+##..#
#....)## #..# #..5@..+
...# +...@5.+ ...#
#......# ##.....# ...#+##
.... ..... ......


You could see Donald, a friendly quasit and a friendly white imp.

Vanquished Creatures
  4 deep elf blademasters
  Gastronok (Lair:3)
  An orc warlord (Orc:1)
  A deep elf sorcerer (Elf:1)
  Aizul (Elf:3)
  A deep elf elementalist (Elf:3)
  A stone giant (Orc:1)
  2 deep elf demonologists (Elf:1)
  2 deep elf annihilators
  2 deep elf death magi (Elf:1)
  A fire dragon (Lair:6)
  Josephine (Orc:2)
  Snorg (Lair:3)
  A minotaur (Lab)
  3 deep elf high priests (Elf:1)
  Fannar (Lair:1)
  10 hydras
  3 catoblepae
  32 dancing weapons
  3 orc high priests
  The ghost of Odds the Martial Artist, a novice DsTm of Cheibriados (D:9)
  11 deep elf knights
  An unseen horror (D:12)
  2 hill giants
  2 deep elf archers
  7 orc knights
  Pikel (D:7)
  44 deep elf magi
  A cyclops (D:7)
  5 orc sorcerers
  An ugly thing (D:10)
  10 elephants
  Joseph (D:8)
  6 black mambas
  An ice statue (D:10)
  19 spiny frogs
  3 rime drakes
  13 komodo dragons
  5 trolls
  10 polar bears (Lair:6)
  4 raiju (Lair:6)
  A two-headed ogre (Orc:1)
  5 hippogriffs
  20 blink frogs
  A spriggan (D:8)
  4 air elementals
  2 wyverns
  3 water elementals
  6 wraiths
  A steam dragon (Lair:6)
  5 fire elementals
  4 hungry ghosts (Lab)
  17 yaks
  4 basilisks
  Menkaure (D:4)
  7 wargs
  A mottled dragon (Lair:6)
  17 water moccasins
  6 hell hounds (Lair:6)
  14 porcupines
  37 orc warriors
  4 slaves (D:7)
  15 black bears
  3 swamp drakes (Lair:6)
  5 ice beasts
  A necrophage (D:9)
  3 sky beasts
  3 phantoms
  18 ogres
  4 centaurs
  25 wolves
  20 crocodiles
  2 elf zombies (Ossuary)
  12 bullfrogs
  4 earth elementals
  2 gnoll sergeants
  A water moccasin zombie (D:8)
  4 scorpions
  A troll zombie (D:7)
  An electric eel (D:9)
  4 howler monkeys
  7 crimson imps
  A centaur zombie (D:11)
  21 hounds
  5 jellies
  3 bullfrog skeletons
  5 human zombies (D:7)
  21 orc priests
  3 centaur skeletons
  2 gnoll shamans
  22 orc wizards
  A human skeleton (D:7)
  Ijyb (D:2)
  10 iguanas
  6 hell rats (Lair:6)
  10 worker ants
  An ogre skeleton (D:7)
  2 hound skeletons
  7 mummies
  9 adders
  24 gnolls
  4 shadow imps
  4 adder zombies
  2 worms
  4 dart slugs
  5 leopard geckos
  96 orcs
  6 giant cockroaches
  10 goblins
  6 hobgoblins
  2 jackals (D:3)
  7 kobolds
  4 quokkas
  A ball python (D:2)
  9 bats
  2 frilled lizards
  A goblin zombie (Ossuary)
  3 hobgoblin zombies (Ossuary)
  A kobold zombie (Ossuary)
  2 leopard gecko skeletons
  A leopard gecko zombie (D:5)
  2 orc zombies (Ossuary)
  6 rats
  2 rat zombies (Ossuary)
  A plant (Lair:6)
  2 toadstools (D:1)
852 creatures vanquished.

Vanquished Creatures (collateral kills)
  An orc wizard (Orc:1)
  4 orcs (Orc:1)
5 creatures vanquished.

Vanquished Creatures (others)
  A deep elf sorcerer (Elf:1)
  An orc high priest (Orc:2)
  A deep elf mage (Elf:1)
  2 air elementals (Elf:1)
  A crocodile (Lair:6)
  A quokka (D:7)
  17 fungi
  17 plants
  2 toadstools (D:1)
43 creatures vanquished.

Grand Total: 900 creatures vanquished

Notes
Turn   | Place    | Note
-------+----------+-------------------------------------------
     0 | D:1      | Amnesiac the Demonspawn Wanderer began the quest for the Orb.
     0 | D:1      | Amnesiac set off with: a +2 scale mail, 2 potions of lignification, a +0 dagger, a bread ration
     0 | D:1      | Reached XP level 1. HP: 21/21 MP: 1/1
    43 | D:1      | You fall through a shaft!
    65 | D:2      | Reached skill level 1 in Dodging
   124 | D:3      | Gained mutation: You have sharp fingernails. [demonic ancestry]
   124 | D:3      | Reached XP level 2. HP: 27/27 MP: 2/2
   331 | D:3      | Found a shimmering altar of Xom.
   332 | D:3      | Noticed a crimson imp
   332 | D:3      | Noticed a crimson imp
   355 | D:4      | Noticed Menkaure
   365 | D:4      | Killed Menkaure
   365 | D:4      | Reached skill level 3 in Unarmed Combat
   365 | D:4      | Reached XP level 3. HP: 33/33 MP: 3/3
   365 | D:4      | Gained mutation: You are partially covered in yellow scales. (AC +2) [demonic ancestry]
   365 | D:4      | Reached XP level 4. HP: 39/39 MP: 4/4
   365 | D:4      | Gained mutation: You are mostly covered in yellow scales. (AC +3) [demonic ancestry]
   365 | D:4      | Reached XP level 5. HP: 44/44 MP: 5/5
   492 | D:4      | Reached skill level 4 in Unarmed Combat
   854 | D:4      | Reached skill level 5 in Unarmed Combat
   854 | D:4      | Gained mutation: You regenerate a little health from kills. [demonic ancestry]
   854 | D:4      | Reached XP level 6. HP: 42/51 MP: 6/6
  1087 | D:4      | Noticed a wyvern
  1095 | D:4      | Killed a wyvern
  1095 | D:4      | Reached skill level 6 in Unarmed Combat
  1095 | D:4      | Reached XP level 7. HP: 56/56 MP: 7/7
  1343 | D:5      | Entered Level 5 of the Dungeon
  1355 | D:5      | Found Xexoum's Jewellery Boutique.
  1386 | D:5      | Reached skill level 7 in Unarmed Combat
  1599 | D:5      | Found a burning altar of Makhleb.
  1644 | D:5      | Reached skill level 8 in Unarmed Combat
  1815 | D:5      | Reached XP level 8. HP: 62/62 MP: 8/8
  2045 | D:6      | Reached skill level 9 in Unarmed Combat
  2515 | D:6      | Reached skill level 10 in Unarmed Combat
  2744 | D:6      | Found a staircase to the Ecumenical Temple.
  2868 | D:6      | Found a deep blue altar of Sif Muna.
  2930 | D:5      | Reached XP level 9. HP: 46/68 MP: 9/9
  2958 | Temple   | Entered the Ecumenical Temple
  3085 | Temple   | Became a worshipper of Cheibriados the Contemplative
  3283 | D:2      | Noticed Ijyb
  3290 | D:2      | Killed Ijyb
  3408 | D:2      | Reached * piety under Cheibriados
  4738 | D:3      | Found a shimmering altar of Xom.
  4738 | D:3      | Found a shadowy altar of Dithmenos.
  4771 | D:3      | Found a shattered altar of Ashenzari.
  4774 | D:3      | Found a radiant altar of Vehumet.
  5130 | D:7      | Reached skill level 11 in Unarmed Combat
  5150 | D:7      | Reached ** piety under Cheibriados
  5152 | D:7      | Found a basalt altar of Yredelemnul.
  5308 | D:7      | Noticed a cyclops
  5320 | D:7      | Killed a cyclops
  5619 | D:7      | Noticed Pikel
  5633 | D:7      | Killed Pikel
  5699 | D:7      | Gained mutation: You expend magic power (3 MP) to strengthen your wands. [mutagenic meat]
  5702 | D:7      | Gained mutation: You are weak. (Str -2) [mutagenic meat]
  5705 | D:7      | Gained mutation: Your flesh is cold resistant. (rC+) [mutagenic meat]
  5708 | D:7      | Gained mutation: You occasionally shout uncontrollably at your foes. [mutagenic meat]
  5711 | D:7      | Gained mutation: You have sharp toenails. [mutagenic meat]
  5728 | D:7      | Reached skill level 12 in Unarmed Combat
  5728 | D:7      | Reached XP level 10. HP: 77/77 MP: 10/10
  5767 | D:7      | Found an iron altar of Okawaru.
  5767 | D:7      | Found a faded altar of an unknown god.
  5776 | D:7      | Found a faded altar of an unknown god.
  5778 | D:7      | Found a faded altar of an unknown god.
  5779 | D:7      | Found a faded altar of an unknown god.
  5809 | D:7      | Found an ancient bone altar of Kikubaaqudgha.
  6167 | D:7      | Found a snail-covered altar of Cheibriados.
  6726 | D:8      | Reached *** piety under Cheibriados
  6904 | D:8      | Found a sand-covered staircase.
  6933 | Ossuary  | Entered an ossuary
  7013 | Ossuary  | Got a smoking leather armour
  7024 | Ossuary  | Identified the +3 leather armour of the Bagpipe {rC+} (You found it in an ossuary)
  7187 | D:8      | Noticed Joseph
  7197 | D:8      | Killed Joseph
  7229 | D:8      | Reached **** piety under Cheibriados
  7767 | D:9      | Noticed Odds's ghost (novice DsTm)
  7779 | D:9      | Killed Odds's ghost
  7779 | D:9      | Reached skill level 5 in Armour
  7854 | D:9      | Reached skill level 5 in Dodging
  8034 | D:9      | Reached ***** piety under Cheibriados
  8248 | D:9      | Found a stormy altar of Qazlal.
  8389 | D:9      | Reached XP level 11. HP: 66/84 MP: 11/11
  8430 | D:10     | Entered Level 10 of the Dungeon
  8430 | D:10     | Noticed a hill giant
  8681 | D:10     | Learned a level 1 spell: Apportation
  8685 | D:10     | Learned a level 1 spell: Summon Butterflies
  8689 | D:10     | Learned a level 3 spell: Mephitic Cloud
  8693 | D:10     | Learned a level 3 spell: Dazzling Spray
  8710 | D:10     | Noticed a cyan ugly thing
  8730 | D:10     | Killed a hill giant
  8918 | D:10     | Found Fell's Weapon Shop.
  8968 | D:10     | Killed a cyan ugly thing
  9233 | D:10     | Reached skill level 5 in Invocations
  9362 | D:10     | Found a staircase to the Lair.
  9643 | Lair:1   | Entered Level 1 of the Lair of Beasts
 10058 | Lair:1   | Noticed Fannar
 10078 | Lair:1   | Killed Fannar
 10114 | Lair:1   | Noticed a five-headed hydra
 10126 | Lair:1   | Killed a five-headed hydra
 10132 | Lair:1   | Reached skill level 10 in Invocations
 10540 | Lair:2   | Noticed a seven-headed hydra
 10552 | Lair:2   | HP: 3/84 [seven-headed hydra (12)]
 10554 | Lair:2   | Killed a seven-headed hydra
 10702 | Lair:2   | Noticed a catoblepas
 10724 | Lair:2   | Killed a catoblepas
 10907 | Lair:2   | Reached XP level 12. HP: 36/91 MP: 21/21
 11084 | Lair:2   | Noticed an eight-headed hydra
 11092 | Lair:2   | Killed an eight-headed hydra
 11881 | Lair:3   | Noticed a six-headed hydra
 12185 | Lair:3   | Noticed a six-headed hydra
 12225 | Lair:3   | Killed a six-headed hydra
 12298 | Lair:3   | Noticed Gastronok
 12301 | Lair:3   | Noticed Snorg
 12386 | Lair:3   | Found a deep blue altar of Sif Muna.
 12696 | Lair:3   | Identified a +3 rod of clouds (11/11) (You found it on level 1 of the Lair of Beasts)
 12718 | Lair:3   | Killed a six-headed hydra
 12764 | Lair:3   | Killed Gastronok
 12764 | Lair:3   | Reached skill level 10 in Dodging
 12872 | Lair:3   | Found a staircase to the Swamp.
 13029 | Lair:4   | Noticed a catoblepas
 13049 | Lair:4   | Killed a catoblepas
 13101 | Lair:4   | Found a staircase to the Snake Pit.
 13238 | Lair:4   | Found a labyrinth entrance.
 13247 | Lab      | Entered a labyrinth
 13572 | Lab      | Noticed a minotaur
 13600 | Lab      | Killed a minotaur
 13600 | Lab      | Reached XP level 13. HP: 56/96 MP: 22/22
 13660 | Lab      | Identified the Papyrus of the Voyage
 13681 | Lair:4   | Gained mutation: Your mind is acute. (Int +2) [potion of mutation]
 13681 | Lair:4   | Lost mutation: You are weak. (Str -2) [potion of mutation]
 14917 | Lair:5   | Reached skill level 10 in Armour
 15387 | Lair:6   | Entered Level 6 of the Lair of Beasts
 15628 | Lair:6   | Found a runed door.
 15808 | Lair:6   | Found a viscous altar of Jiyva.
 15809 | Lair:6   | Noticed an acid blob
 15809 | Lair:6   | Noticed an acid blob
 15810 | Lair:6   | Found a staircase to the Slime Pits.
 15972 | Lair:6   | Reached ****** piety under Cheibriados
 16087 | Lair:6   | Gained mutation: You have very sharp fingernails. [demonic ancestry]
 16087 | Lair:6   | Reached XP level 14. HP: 103/103 MP: 23/23
 16096 | Lair:6   | Got a faintly glowing iron ring
 16268 | Lair:6   | Identified the ring of the Traitor {MR+ Str+4 Dex+4} (You found it on level 6 of the Lair of Beasts)
 17005 | Lair:3   | Killed Snorg
 17739 | D:11     | Got a distressingly furry ring mail
 17750 | D:11     | Identified the +5 ring mail of the Salmon {MR+} (You found it on level 11 of the Dungeon)
 17830 | D:12     | Found a staircase to the Orcish Mines.
 17859 | Orc:1    | Entered Level 1 of the Orcish Mines
 18083 | Orc:1    | Noticed an orc warlord
 18112 | Orc:1    | Killed an orc warlord
 18199 | Orc:1    | Noticed a stone giant
 18221 | Orc:1    | Killed a stone giant
 18366 | Orc:1    | Found a roughly hewn altar of Beogh.
 18593 | Orc:2    | Entered Level 2 of the Orcish Mines
 18683 | Orc:2    | Found a staircase to the Elven Halls.
 18777 | Orc:2    | Noticed Josephine
 18790 | Orc:2    | Killed Josephine
 18790 | Orc:2    | Reached skill level 13 in Unarmed Combat
 18888 | Orc:2    | Gained mutation: A weak demonic guardian rushes to your aid. [demonic ancestry]
 18888 | Orc:2    | Reached XP level 15. HP: 112/112 MP: 24/24
 19551 | Orc:2    | Found Rekhiel's Assorted Antiques.
 19551 | Orc:2    | Found Imonkiaps's General Store.
 19553 | Orc:2    | Found Feeqapt's Armour Shop.
 19553 | Orc:2    | Found Iwo Xosh's Assorted Antiques.
 19562 | Orc:2    | Bought a glowing cloak for 388 gold pieces
 19575 | Orc:2    | Bought a potion of mutation for 37 gold pieces
 19575 | Orc:2    | Gained mutation: You have a pair of small horns on your head. [potion of mutation]
 19578 | Orc:2    | Bought a twisted plate armour for 1036 gold pieces
 19588 | Orc:2    | Identified the +5 plate armour of Dadwekixiu {rF+ MR- Str+8 Int+5} (You bought it in a shop on level 2 of the Orcish Mines)
 19653 | Elf:1    | Entered Level 1 of the Elven Halls
 19664 | Elf:1    | Found a huge runed gate.
 19664 | Elf:1    | Found a huge runed gate.
 19664 | Elf:1    | Found a huge runed gate.
 19664 | Elf:1    | Found a huge runed gate.
 19664 | Elf:1    | Found a huge runed gate.
 19664 | Elf:1    | Found a huge runed gate.
 19669 | Elf:1    | Found a huge runed gate.
 19669 | Elf:1    | Found a huge runed gate.
 19675 | Elf:1    | Found a huge runed gate.
 19675 | Elf:1    | Found a huge runed gate.
 19675 | Elf:1    | Found a huge runed gate.
 19675 | Elf:1    | Found a huge runed gate.
 19755 | Elf:1    | Found Xumpasev's Gadget Shoppe.
 19886 | Elf:1    | HP: 5/113 [deep elf mage/bolt of lightning (21)]
 19912 | Elf:1    | Reached skill level 14 in Unarmed Combat
 20570 | Elf:1    | Found a huge runed gate.
 20570 | Elf:1    | Found a huge runed gate.
 20572 | Elf:1    | Found a huge runed gate.
 20574 | Elf:1    | Killed a deep elf sorcerer
 20577 | Elf:1    | Found a huge runed gate.
 20590 | Elf:1    | Found a huge runed gate.
 20590 | Elf:1    | Found a huge runed gate.
 20591 | Elf:1    | Found a huge runed gate.
 20593 | Elf:1    | Found a huge runed gate.
 20594 | Elf:1    | Found a huge runed gate.
 20921 | Elf:1    | Noticed a deep elf blademaster
 20921 | Elf:1    | Noticed a deep elf blademaster
 20923 | Elf:1    | Noticed a deep elf blademaster
 20924 | Elf:1    | Noticed a deep elf sorcerer
 20924 | Elf:1    | Killed a deep elf blademaster
 20924 | Elf:1    | Killed a deep elf blademaster
 20924 | Elf:1    | Reached skill level 10 in Fighting
 20925 | Elf:1    | Killed a deep elf blademaster
 20925 | Elf:1    | Reached skill level 15 in Unarmed Combat
 20929 | Elf:1    | Killed a deep elf sorcerer
 21058 | Elf:2    | Gained mutation: You have claws for hands. [demonic ancestry]
 21058 | Elf:2    | Reached XP level 16. HP: 99/123 MP: 25/25
 21127 | Elf:2    | Found Atussip's Armour Shop.
 21510 | Elf:2    | Found a runed gate.
 21510 | Elf:2    | Found a runed gate.
 21512 | Elf:2    | Found a runed gate.
 21569 | Elf:2    | Noticed a deep elf blademaster
 21570 | Elf:2    | Reached skill level 16 in Unarmed Combat
 21571 | Elf:2    | Killed a deep elf blademaster
 22235 | Elf:3    | Entered Level 3 of the Elven Halls
 22633 | Elf:3    | Noticed Aizul
 22646 | Elf:3    | Killed Aizul
 22682 | Elf:3    | Gained mutation: You have supernaturally acute eyesight. (SInv) [mutagenic meat]
 22685 | Elf:3    | Gained mutation: You are clumsy. (Dex -2) [mutagenic meat]
 22691 | Elf:3    | Gained mutation: Your body sometimes deteriorates upon taking damage. [mutagenic meat]
 22694 | Elf:3    | Lost mutation: You have a pair of small horns on your head. [potion of cure mutation]
 22694 | Elf:3    | Lost mutation: Your body sometimes deteriorates upon taking damage. [potion of cure mutation]
 22694 | Elf:3    | Lost mutation: You have supernaturally acute eyesight. (SInv) [potion of cure mutation]
 22712 | Elf:3    | Noticed Donald
 22724 | Elf:3    | Slain by Donald

Vault maps used:
D:1:      ldierk_water_garden, minmay_pentomino_z4
D:2:      uniq_iyjb
D:3:      grunt_temple_overflow_cloverleaf, led_xom_imps
D:4:      minmay_divided_ellipse, uniq_menkaure
D:5:      old_standard_altar, first_bread, serial_shops, shop
D:6:      lemuel_coloured_pillars_altar
D:7:      overflow_temple_1_default, lemuel_mausoleum_altar_yredelemnul,
          chequers_temple_overflow_minitemple, chei_slow_surprise, uniq_pikel
D:8:      nicolae_ossuary_entry_false_entrances, the_bakery, uniq_joseph
D:9:      grunt_qazlal_clouds, minivault_14
D:10:     lair_0_dummy, serial_shops, shop, minivault_16
D:12:     hiddenorc2_lemuel, serial_shops, kennysheep_mini_moat, enter_trove_3,
          glass_columns_a, makhleb_altar_promises_db
Temple:   jpeg_temple_clearing
Lair:1:   grunt_megastairs_3, bh_autumn_forest_stairs, uniq_fannar
Lair:2:   beast_lair_carwin_2
Lair:3:   swamp_mist_pool, basic_altar, uniq_gastronok, uniq_snorg
Lair:4:   dummy_snake_entry, lab_entry_generic
Lair:6:   hangedman_lair_caniforms_friends, guppyfry_lair_end_dragon,
          slime_altar_2, minivault_19, grunt_megastairs_1
Orc:1:    minmay_orc_temple_c
Orc:2:    grunt_orc_tribal_feast, uniq_josephine
Elf:1:    eino_elf_arrival_the_gate, serial_shops, nicolae_shop_statue_plus,
          minmay_elf_crystal_heptagon, door_vault
Elf:2:    serial_shops, shop_fountains
Elf:3:    elf_hall, st_stairs_13, uniq_aizul, uniq_donald
Lab:      nicolae_lab_dead_adventurers, lab_statue, nicolae_lab_arrow,
          nicolae_lab_flowing_pool, lab_fountain, nicolae_lab_swirl,
          nicolae_lab_t_cross, labyrinth_skeletal_remains, nicolae_lab_garden,
          nicolae_lab_grate_2, nicolae_lab_dead_end, nicolae_lab_checkerboard
Ossuary:  ossuary_minmay_tomb_2a

Skill      XL: |  1  2  3  4  5  6  7  8  9 10 11 12 13 14 15 16 |
---------------+-------------------------------------------------+-----
Dodging        | 1 5 6 10 13 14 | 14.7
Unarmed Combat | 3 5 6 8 10 12 13 15 16 | 16.2
Fighting       | 6 7 8 10 | 10.6
Armour         | 6 7 12 | 12.5
Invocations    | 12 | 12.0
Stealth        | |  1.0
Evocations     | |  1.0

Action                   |  1- 3 |  4- 6 |  7- 9 | 10-12 | 13-15 | 16-18 || total
-------------------------+-------+-------+-------+-------+-------+-------++-------
Melee: Dagger            |    97 |       |       |       |       |       ||    97
       Unarmed           |     5 |    83 |   468 |   864 |  1487 |   185 ||  3092
       Punch             |       |       |    23 |    87 |   137 |    19 ||   266
       Headbutt          |       |       |       |       |    43 |    59 ||   102
Invok: Bend Time         |       |       |       |    24 |     2 |       ||    26
       Temporal Distorti |       |       |       |     2 |     2 |       ||     4
       Step From Time    |       |       |       |     1 |       |       ||     1
       Slouch            |       |       |       |       |     9 |     7 ||    16
Evoke: Wand              |       |       |       |     1 |       |       ||     1
  Use: Potion            |     1 |     1 |       |     7 |     3 |     1 ||    13
       Scroll            |       |       |     9 |    23 |     7 |     1 ||    40
 Stab: Distracted        |       |       |     3 |       |     4 |     4 ||    11
       Petrified         |       |       |       |     6 |     9 |       ||    15
       Invisible         |       |       |       |     4 |       |       ||     4
       Petrifying        |       |       |       |       |     1 |       ||     1
  Eat: Chunk             |       |     1 |    16 |    15 |    17 |     9 ||    58
       Bread ration      |       |       |       |     2 |       |       ||     2
Armor: Scale mail        |    52 |    33 |   242 |   375 |       |       ||   702
       Skin              |     3 |     4 |       |    12 |       |       ||    19
       Crystal plate arm |       |       |       |       |   766 |       ||   766
       Plate armour      |       |       |       |       |    43 |    72 ||   115
Dodge: Dodged            |    45 |    26 |   184 |   665 |  1378 |    98 ||  2396
Block: Buckler           |       |    10 |       |       |       |       ||    10
